 Dungeon Crawl Stone Soup version 0.23.2-1-ga50397a (webtiles) character file.

Game seed: 3872224343304688065

1070 MalarOregon the Skirmisher (level 8, -3/71 HPs)
             Began as a Ghoul Fighter on June 3, 2019.
             Was a Follower of Makhleb.
             Slain by a mummy (10 damage)
             ... in an ossuary.
             The game lasted 00:07:11 (5324 turns).

MalarOregon the Skirmisher (Ghoul Fighter)          Turns: 5324, Time: 00:07:12

Health: -3/71      AC: 10    Str: 20    XL:     8   Next: 28%
Magic:  7/7        EV:  9    Int:  3    God:    Makhleb [*.....]
Gold:   302        SH: 10    Dex: 10    Spells: 7/7 levels left

rFire    + . .     SeeInvis .     - Unarmed
rCold    + . .     Gourm    .   b - +0 shield
rNeg     + + +     Faith    .   x - +3 leather armour {rF+}
rPois    ∞         Spirit   .   t - +2 helmet
rElec    .         Reflect  .   p - +0 cloak
rCorr    .         Harm     .   (no gloves)
MR       .....                  (no boots)
Stlth    +.........             (no amulet)
HPRegen  0.00/turn              (no ring)
MPRegen  0.10/turn              (no ring)

@: rotting
A: rotting body, claws 1, carnivore, cold resistance 1, negative energy
resistance 3, inhibited regeneration, torment resistance, unbreathing
a: Renounce Religion


You were in an ossuary.
You worshipped Makhleb.
Makhleb was aware of your devotion.
You were not hungry.

You visited 1 branch of the dungeon, and saw 7 of its levels.
You also visited: Ossuary.

You collected 302 gold pieces.

Inventory:

Missiles
 h - a throwing net (quivered) {!f}
Armour
 b - a +0 shield (worn)
 p - a +0 cloak (worn)
   (You found it on level 2 of the Dungeon)
 t - a +2 helmet (worn)
   (You took it off Robin on level 3 of the Dungeon)
 x - a +3 leather armour of fire resistance (worn)
   (You found it on level 4 of the Dungeon)
Jewellery
 y - a +4 ring of dexterity {unknown}
   (You found it on level 5 of the Dungeon)
Wands
 c - a wand of disintegration (13)
   (You found it on level 6 of the Dungeon)
Scrolls
 f - a scroll of fog {unknown}
 g - 5 scrolls of teleportation {unknown}
 j - a scroll of magic mapping {unknown}
 k - 8 scrolls of identify {unknown}
 m - 2 scrolls of immolation {unknown}
 n - a scroll of enchant armour {unknown}
 o - 7 scrolls of remove curse {unknown}
 q - 2 scrolls of random uselessness {unknown}
 s - 2 scrolls of amnesia {unknown}
 u - a scroll of enchant weapon {unknown}
 w - a scroll of blinking {unknown}
 B - a scroll of noise {unknown}
Potions
 a - a potion of lignification {unknown}
 d - 5 potions of curing {unknown}
 i - a potion of agility
 l - a potion of haste {unknown}
 r - 2 potions of mutation {unknown}
 v - 2 potions of degeneration {unknown}
 z - a potion of flight {unknown}
 C - 2 potions of might
 D - a potion of invisibility {unknown}
Comestibles
 e - 13 rations {!d}


   Skills:
 + Level 6.8 Fighting
 - Level 2.6 Armour
 + Level 5.6 Shields
 + Level 6.3 Unarmed Combat


You had 7 spell levels left.
You didn't know any spells.
Your spell library contained the following spells:

 Spells                   Type           Power        Failure   Level  Hunger
 Animate Skeleton         Necr           N/A          94%         1    ##.....
 Apportation              Tloc           #.....       94%         1    ##.....
 Confusing Touch          Hex            #.....       94%         1    ##.....
 Summon Small Mammal      Summ           #...         94%         1    ##.....
 Poisonous Vapours        Pois/Air       #.....       98%         2    ###....
 Conjure Flame            Conj/Fire      #.......     100%        3    ####...
 Mephitic Cloud           Conj/Pois/Air  #.......     100%        3    ####...
 Freezing Cloud           Conj/Ice/Air   #.........   100%        6    #######
 Ring of Flames           Chrm/Fire      #.........   100%        7    #######


Dungeon Overview and Level Annotations

Branches:
Dungeon (7/15)
 Temple: D:4-7

Altars:
Dithmenos
Makhleb
Ru
Sif Muna
Yredelemnul
Beogh

Shops:
D:4 (

Annotations:
D:4 7 runed translucent doors, Heatsaber's ghost, novice DsMo


Innate Abilities, Weirdness & Mutations

Your body is rotting away.
You thrive on raw meat.
You are immune to poison.
You have sharp fingernails.
You are carnivorous and can eat meat at any time.
Your flesh is cold resistant. (rC+)
You are immune to negative energy. (rN+++)
You do not regenerate when monsters are visible.
You are immune to unholy pain and torment.
You can survive without breathing.


Message History

The hobgoblin zombie hits you but does no damage.
You claw the goblin zombie!
You destroy the goblin zombie!
Makhleb accepts your kill.
You block the hobgoblin zombie's attack.
You scratch the gnoll zombie but do no damage.
The gnoll zombie hits you. The hobgoblin zombie barely misses you.
You claw the gnoll zombie! You scratch the mummy.
The hobgoblin zombie hits you but does no damage.
You claw the mummy! The goblin zombie closely misses you.
The hobgoblin zombie barely misses you.
You claw the mummy!
You destroy the mummy!
Makhleb accepts your kill. The goblin zombie hits you. The mummy hits you.
You block the hobgoblin zombie's attack.
You scratch the gnoll zombie but do no damage.
The gnoll zombie hits you but does no damage.
The goblin zombie hits you but does no damage.
You scratch the gnoll zombie. The hobgoblin zombie hits you.
The mummy hits you! You block the gnoll zombie's attack.
The goblin zombie closely misses you.
You claw the gnoll zombie!
You destroy the gnoll zombie!
Makhleb accepts your kill.
You block the hobgoblin zombie's attack.
Your shield prevents you from hitting the mummy.
The goblin zombie hits you. The mummy hits you!
You block the hobgoblin zombie's attack.
You barely miss the mummy. You block the goblin zombie's attack.
The mummy hits you!
* * * LOW HITPOINT WARNING * * *
Okay, then.
You scratch the mummy but do no damage.
You block the hobgoblin zombie's attack.
You barely miss the mummy. The goblin zombie closely misses you.
You block the hobgoblin zombie's attack.
The mummy hits you!
* * * LOW HITPOINT WARNING * * *
You scratch the mummy. You block the goblin zombie's attack.
The hobgoblin zombie hits you but does no damage.
You scratch the mummy. You block the mummy's attack.
You block the goblin zombie's attack.
You barely miss the mummy. The hobgoblin zombie hits you.
* * * LOW HITPOINT WARNING * * *
The goblin zombie hits you.
* * * LOW HITPOINT WARNING * * *
You scratch the mummy but do no damage. The mummy hits you!
You die...

#####
##@M.##
##Z.Z..##
#...∩...#
#.......#
#...∩...#
##.....##
##...##
#...#
#..Z#


You could see a mummy, a goblin zombie and a hobgoblin zombie.

Vanquished Creatures
  A hornet zombie (D:6)
  An ice beast (D:5)
  An ogre (D:6)
  A centaur (D:5)
  A bullfrog (D:6)
  A scorpion (D:4)
  A killer bee (D:4)
  A crimson imp (D:6)
  A centaur zombie (D:5)
  2 hounds
  An orc wizard (D:4)
  A centaur skeleton (D:5)
  2 iguanas
  Terence (D:3)
  2 mummies
  Robin (D:3)
  7 gnolls
  3 adders
  2 shadow imps (D:6)
  2 oozes
  7 worms
  2 dart slugs (D:1)
  A leopard gecko (D:3)
  16 orcs
  8 giant cockroaches
  4 gnoll zombies
  17 goblins
  3 hobgoblins
  10 jackals
  A quokka (D:4)
  7 bats
  4 frilled lizards
  A goblin zombie (Ossuary)
  A hobgoblin zombie (Ossuary)
  10 kobolds
  A quokka skeleton (D:6)
  2 rats (D:3)
128 creatures vanquished.

Notes
Turn   | Place    | Note
-------+----------+-------------------------------------------
     0 | D:1      | MalarOregon the Ghoul Fighter began the quest for the Orb.
     0 | D:1      | Reached XP level 1. HP: 19/19 MP: 0/0
    82 | D:1      | Reached XP level 2. HP: 25/26 MP: 1/1
   266 | D:1      | Reached XP level 3. HP: 32/33 MP: 2/2
   965 | D:2      | Reached XP level 4. HP: 34/40 MP: 3/3
  1249 | D:2      | Found a basalt altar of Yredelemnul.
  1438 | D:3      | Noticed Robin
  1739 | D:3      | Killed Robin
  1745 | D:3      | Noticed Terence
  1770 | D:3      | Killed Terence
  1770 | D:3      | Reached XP level 5. HP: 26/47 MP: 4/4
  2321 | D:3      | Found a deep blue altar of Sif Muna.
  2322 | D:3      | Found a burning altar of Makhleb.
  2366 | D:3      | Found a sacrificial altar of Ru.
  2407 | D:3      | Became a worshipper of Makhleb the Destroyer
  2742 | D:4      | Reached XP level 6. HP: 35/54 MP: 5/5
  2929 | D:4      | Found a large runed translucent door.
  2929 | D:4      | Found a large runed translucent door.
  2936 | D:4      | Found a large runed translucent door.
  2936 | D:4      | Found a large runed translucent door.
  2981 | D:4      | Reached skill level 5 in Fighting
  3009 | D:4      | Found a runed translucent gate.
  3010 | D:4      | Found a runed translucent gate.
  3010 | D:4      | Noticed Heatsaber's ghost (novice DsMo)
  3011 | D:4      | Found a runed translucent gate.
  3011 | D:4      | Found a roughly hewn altar of Beogh.
  3013 | D:4      | Identified the +2 ring mail of Wozu Siwn {Str+3}
  3195 | D:4      | Found Fisept's Weapon Shop.
  3661 | D:5      | Entered Level 5 of the Dungeon
  3677 | D:5      | Reached XP level 7. HP: 52/61 MP: 6/6
  3705 | D:5      | Reached skill level 5 in Unarmed Combat
  3929 | D:5      | Reached * piety under Makhleb
  4196 | D:5      | Reached skill level 5 in Shields
  4722 | D:6      | Reached XP level 8. HP: 48/71 MP: 7/7
  4723 | D:6      | Found a shadowy altar of Dithmenos.
  5198 | D:7      | Found a sand-covered staircase.
  5284 | Ossuary  | Entered an ossuary
  5324 | Ossuary  | Slain by a mummy

Skill      XL: |  1  2  3  4  5  6  7 |
---------------+----------------------+-----
Shields        | 3 4 5 |  5.6
Unarmed Combat | 3 4 6 |  6.3
Fighting       | 4 5 6 |  6.8
Armour         | |  2.6

Action                   |  1- 3 |  4- 6 |  7- 9 || total
-------------------------+-------+-------+-------++-------
Melee: Unarmed           |   119 |   316 |   166 ||   601
  Eat: Chunk             |     7 |     9 |     6 ||    22
Armor: Scale mail        |    59 |   128 |       ||   187
       Leather armour    |       |     7 |    40 ||    47
Dodge: Dodged            |    36 |   111 |    48 ||   195
Block: Shield            |    61 |   173 |    50 ||   284
